Arrhythmia, chaotic female vampiric Convict -------- -------- -------- -------- -------- -------- |......| ##-....[.| |*....(| |......| |......| |^.....| |......| # |.......### |......| |......| |....).| |......| |>.....|### |......| # |......| |......| |......-### |......| |......|# |......| ##.......| |......| |.<....| # |......| |.......# |......| |......| |......| |......| ##-......| ------.- -------- -----.-- -----.-- ---.---- ------|- ## ## #:# ## ##### # # @ # # ### # &# ## ## ---|---- ------.- --.----- -----.-- -.------ |......| |......| |......| ##.......| |......| |)%"!%%| |......| |......| # |......| |......| |(.**/%| |......| |i.....|### |......| |......| |!![*=!| |......| |......|# |......| |......| |*%.?%)| |.......####-......-# |......| |......| -------- -------- -------- -------- -------- Arrhythmia the Jail-bird Experience level: 8 Strength: 16 Dexterity: 10 Constitution: 14 Intelligence: 14 Wisdom: 5 Charisma: 9 Health: 0(79) Energy: 42(42) AC: 2 Gold: 2388 Moves: 4653 Your Inventory: Coins $ - 2388 gold pieces Weapons q - an [uncursed +0] dwarvish mattock Armor b - a cursed +0 striped shirt h - an [uncursed] +0 pair of hard shoes [iron] (being worn) u - an [uncursed] +0 elven mithril-coat (being worn) F - a [cursed +0] striped shirt S - an [uncursed] +0 elven cloak (being worn) Scrolls m - an uncursed scroll of enchant weapon n - an [uncursed] scroll of identify D - a [cursed] scroll of teleportation Potions E - an uncursed potion of water G - an [uncursed] potion of levitation P - a [blessed] potion of monster detection Q - an [uncursed] potion of object detection R - an [uncursed] potion of sickness Tools d - an [uncursed] magic flute [0:7] Gems e - an [uncursed] violet gem [amethyst] L - an [uncursed] white gem [opal] Spells known in the end: Name Level Category Fail Memory Your skills at the end: Fighting Skills Weapon Skills sling [Basic / Skilled] Spellcasting Skills Final Attributes: You were piously aligned. Hunger level was 898. Your alignment was 33 / 33. Monster difficulty range was 1 - 8. Level difficulty was 8. You were immune to poison. You were immune to level-drain. You were immune to sickness. You saw invisible. You were stealthy. You could fly. You could survive without air. You regenerated. Your luck was zero. You are dead. Vanquished creatures: a small mimic a leprechaun a horse a brown pudding a raven a gnome mummy a snow ant 4 bugbears a water nymph a rock mole a shrieker 4 gnome lords a guardian naga hatchling a gray ooze 4 elf zombies a ghoul 2 giant ants a floating eye 7 dwarves 4 hill orcs 2 rothes a giant bat 4 iguanas 7 coyotes a gas spore 4 hobbits 4 manes 7 hobgoblins 3 giant rats a yellow mold 2 green molds a red mold 23 gnomes a gnome zombie 7 geckos 4 jackals 4 kobolds 3 goblins 3 sewer rats 2 grid bugs 7 lichens a kobold zombie 131 creatures vanquished. Voluntary challenges: You went without food. You never hit with a wielded weapon. You read items or engraved 3 times. You put on armor 14 times. You never genocided any monsters. You never polymorphed an object. You never changed form. You used no wishes. You abstained from Elbereth's help. You encountered 1 bones level. You never used any Sokoban shortcuts. Dungeon overview: The Dungeons of Doom: levels 1 to 9 Level 1 a long staircase Level 2 a fountain stairs to The Gnomish Mines Level 3 an altar Level 4 some fountains Level 6 a fountain, a sink Level 7 some fountains, a sink Level 8 (Thirsty AF) <- You were here a general store The Gnomish Mines: levels 3 to 6 Level 3 stairs to The Dungeons of Doom History has recorded: On T:1 you entered the Dungeons of Doom to retrieve the Amulet of Yendor! On T:420 you advanced to experience level 2. On T:625 you reached level 2 of The Dungeons of Doom. On T:672 you advanced to experience level 3. On T:828 you reached level 1 of The Gnomish Mines. On T:835 you advanced to experience level 4. On T:897 you advanced to experience level 5. On T:1450 you advanced to experience level 6. On T:1460 you reached level 2 of The Gnomish Mines. On T:1528 you reached level 3 of The Gnomish Mines. On T:2023 you advanced to experience level 7. On T:2095 you reached level 3 of The Dungeons of Doom. On T:2372 you reached level 4 of The Dungeons of Doom. On T:2687 you reached level 5 of The Dungeons of Doom. On T:3569 you reached level 6 of The Dungeons of Doom. On T:3897 you reached level 7 of The Dungeons of Doom. On T:3937 you advanced to experience level 8. On T:4164 you reached level 8 of The Dungeons of Doom. On T:4480 you reached level 9 of The Dungeons of Doom. Latest messages: [HP+1=37] You see here a large box. [HP+1=38] [HP+1=39] [HP+1=40] [HP+1=41] [HP+1=42] [HP+1=43] You hit the crocodile. You bite the crocodile. You feed on the lifeblood. The crocodile suddenly seems weaker! The crocodile bites! The crocodile hits! The succubus hits! (2x) [HP-27=16] You miss the crocodile. You bite the crocodile. You feed on the lifeblood. The crocodile suddenly seems weaker! The crocodile bites! The crocodile hits! You die... Final status: Goodbye Arrhythmia the Convict... You died in The Dungeons of Doom on dungeon level 8 with 7042 points, and 2388 pieces of gold, after 4653 moves. You were level 8 with a maximum of 79 hit points when you died.